 Dungeon Crawl Stone Soup version 0.19.5 (webtiles) character file.

40 tyranidshit the Skirmisher (level 3, 0/31 HPs)
             Began as a Demonspawn Abyssal Knight on Mar 14, 2017.
             Was a Follower of Lugonu.
             Slain by a gnoll
             ... wielding a +0 spear
              (6 damage)
             ... on level 2 of the Dungeon.
             The game lasted 00:02:51 (996 turns).

tyranidshit the Skirmisher (DsAK)                    Turns: 996, Time: 00:02:52

Health: 0/31       AC: 10    Str: 13    XL:     3   Next: 30%
Magic:  4/4        EV:  7    Int: 13    God:    Lugonu [*.....]
Gold:   106        SH:  7    Dex: 15    Spells: 0 memorised, 2 levels left

rFire  . . .     SeeInvis .     a - +1 hand axe
rCold  . . .     Gourm    .     g - +0 ring mail
rNeg   . . .     Faith    .     n - +0 shield
rPois  .         Spirit   .     k - +2 helmet
rElec  .         Reflect  .     (no cloak)
rCorr  .         Harm     .     p - +0 pair of gloves
MR     .....                    e - +0 pair of boots
Stlth  +.........               (no amulet)
                                (no ring)
                                d - +3 ring of dexterity

@: no status effects
A: talons 1, powered by pain 1
a: Depart the Abyss, Renounce Religion


You were on level 2 of the Dungeon.
You worshipped Lugonu.
Lugonu was aware of your devotion.
You were not hungry.

You visited 1 branch of the dungeon, and saw 2 of its levels.
You visited the Abyss 1 time.

You collected 106 gold pieces.

Inventory:

Hand Weapons
 a - a +1 hand axe (weapon)
Armour
 b - a +0 leather armour
 e - a +0 pair of boots (worn)
 g - a +0 ring mail (worn)
 k - a +2 helmet (worn)
 n - a +0 shield (worn)
 p - a +0 pair of gloves (worn)
Jewellery
 d - a +3 ring of dexterity (left hand)
Scrolls
 i - a scroll of teleportation {unknown}
 m - a scroll of fog
Potions
 h - a potion of magic {unknown}
Comestibles
 c - a bread ration
 f - a slice of pizza
 j - a meat ration
 l - 5 fruits


   Skills:
 + Level 4.4 Fighting
 - Level 1.7 Axes
 - Level 1.7 Armour
 - Level 0.8 Dodging
 - Level 2.4 Invocations


You had 2 spell levels left.
You didn't know any spells.

Dungeon Overview and Level Annotations

Branches:
Dungeon (2/15)

Altars:
Makhleb


Innate Abilities, Weirdness & Mutations

You have sharp toenails.
You sometimes gain a little power by taking damage.


Message History

The gnoll hits you with a spear. The gnoll barely misses you.
You barely miss the gnoll. You closely miss the gnoll.
The gnoll barely misses you. x2; The gnoll hits you with a spear!
You closely miss the gnoll. x2; You block the gnoll's attack.
The gnoll barely misses you. The gnoll hits you with a spear.
You closely miss the gnoll. You hit the gnoll but do no damage.
You block the gnoll's attack. x2; The gnoll hits you but does no damage. x2
You block the gnoll's attack. The gnoll hits you but does no damage.
You hit the gnoll.
The gnoll is lightly wounded.
You hit the gnoll. The gnoll hits you but does no damage.
The gnoll hits you with a spear.
* * * LOW HITPOINT WARNING * * *
The gnoll closely misses you.
You are too injured to fight recklessly!
You closely miss the gnoll.
The gnoll is lightly wounded.
You closely miss the gnoll.
The gnoll hits you from afar with a spear.
You die...

#.#...###...###.>.
####.#.##.#.##.#
#....#.###.###.#
##.####.# #.# #.#
##...###.###.###.#
...#..........##.###.#
##...###.###.......>.#
##.## #.....###.##..#
#.# #..#### #@# #.#
#.......gg....# ###.#
#..>.....g#......
.##.#
##............###
....#####.######## .##
.......... .#
.#######.. # .# .#


You could see 3 gnolls.

Vanquished Creatures
  2 adders (D:2)
  2 dart slugs (D:1)
  4 bats
  2 goblins (D:1)
  A hobgoblin (D:1)
  4 kobolds
  3 frilled lizards
  2 rats (D:1)
20 creatures vanquished.

Notes
Turn   | Place    | Note
-------+----------+-------------------------------------------
     0 | Abyss:1  | tyranidshit the Demonspawn Abyssal Knight began the quest for the Orb.
     0 | Abyss:1  | Reached XP level 1. HP: 18/18 MP: 2/2
    42 | Abyss:1  | Found a corrupted altar of Lugonu.
    88 | Abyss:2  | Noticed a hellwing
    91 | D:1      | Escaped the Abyss
   367 | D:1      | Gained mutation: You have sharp toenails. [demonic ancestry]
   367 | D:1      | Reached XP level 2. HP: 21/24 MP: 3/3
   537 | D:1      | Reached * piety under Lugonu
   558 | D:1      | You fall through a shaft!
   558 | D:2      | Found a burning altar of Makhleb.
   564 | D:2      | Reached skill level 4 in Fighting
   593 | D:2      | Gained mutation: You sometimes gain a little power by taking damage. [demonic ancestry]
   593 | D:2      | Reached XP level 3. HP: 23/30 MP: 4/4
   996 | D:2      | Slain by a gnoll

Skill      XL: |  1  2 |
---------------+-------+-----
Fighting       | 4 |  4.4
Axes           | |  1.7
Armour         | |  1.7
Dodging        | |  0.8
Invocations    | |  2.4

Action                   || total
-------------------------++-------
Melee: Hand axe          ||    84
Invok: Depart the Abyss  ||     1
  Use: Scroll            ||     2
       Potion            ||     2
Armor: Ring mail         ||    52
       Leather armour    ||     2
Dodge: Dodged            ||    53
Block: Shield            ||     9
